 Dungeon Crawl Stone Soup version 0.29.0-7-g18a832c13a (webtiles) character file.

Game seed: 16118068671662408989

494 greasedhog the Trooper (level 7, -3/47 HPs)
             Began as a Gargoyle Fighter on Sept 1, 2022.
             Was an Initiate of Qazlal.
             Killed from afar by a white imp (6 damage)
             ... with a puff of frost
             ... summoned by Natasha
             ... on level 4 of the Dungeon.
             The game lasted 00:02:49 (2747 turns).

greasedhog the Trooper (Gargoyle Fighter)           Turns: 2747, Time: 00:02:49

Health: -3/47      AC: 12    Str: 22    XL:     7   Next: 15%
Magic:  6/6        EV:  9    Int:  8    God:    Qazlal [......]
Gold:   124        SH:  4    Dex:  7    Spells: 6/6 levels left

rFire   . . .      SeeInvis .   a - +0 flail
rCold   . . .      Faith    .   c - +0 buckler
rNeg    + . .      Spirit   .   b - +0 scale mail
rPois   ∞          Reflect  .   (no helmet)
rElec   +          Harm     .   f - +0 cloak {rPois}
rCorr   .          Rampage  .   (no gloves)
Will    .....                   (no boots)
Stlth   ..........              (no amulet)
HPRegen 0.15/turn               (no ring)
MPRegen 0.10/turn               (no ring)

@: no status effects
A: sickness immunity, AC +4, negative energy resistance 1, electricity
resistance, torment resistance 1, petrification resistance, clumsy 1, low MP 1,
mutation resistance 1
a: Renounce Religion


You were on level 4 of the Dungeon.
You worshipped Qazlal.
Qazlal was noncommittal.
You visited 1 branch of the dungeon, and saw 4 of its levels.

You collected 124 gold pieces.

Inventory:

Hand Weapons
 a - a +0 flail (weapon)
Armour
 b - a +0 scale mail (worn)
 c - a +0 buckler (worn)
 f - a +0 cloak of poison resistance (worn)
Scrolls
 e - 2 scrolls of immolation
 h - 2 scrolls of vulnerability
 i - 2 scrolls of blinking {unknown}
 k - 3 scrolls of fear {unknown}
 l - a scroll of butterflies {unknown}
 m - a scroll of teleportation {unknown}
 n - a scroll of brand weapon {unknown}
Potions
 d - a potion of heal wounds
 g - 2 potions of curing


   Skills:
 * Level 6.5 Fighting
 * Level 5.4 Maces & Flails
 - Level 3.2 Armour
 - Level 3.2 Shields


You had 6 spell levels left.
You didn't know any spells.
Your spell library was empty.

Dungeon Overview and Level Annotations

Branches:
Dungeon (4/15)             Temple (0/1) D:4

Altars:
Kikubaaqudgha
Okawaru
Qazlal
Trog

Annotations:
D:4 Natasha


Innate Abilities, Weirdness & Mutations

You are immune to sickness and miasma.
Your stone body is resilient. (AC +4)
You are immune to poison.
You resist negative energy. (rN+)
You are resistant to electric shocks. (rElec)
You are resistant to unholy torment.
You are immune to petrification.
You are clumsy. (Dex -2)
Your magical capacity is low. (-10% MP)
You are somewhat resistant to further mutation.


Message History

The puff of frost hits you but does no damage.
You hit the white imp but do no damage.
The white imp is moderately wounded.
The white imp hits you but does no damage. x2
You closely miss the white imp.
The white imp is moderately wounded.
The white imp hits you but does no damage.
The white imp hits you. The white imp freezes you.
The white imp closely misses you.
The white imp hits you but does no damage.
You barely miss the white imp.
The white imp is moderately wounded.
Natasha casts a spell.
The white imp hits you but does no damage. x2
You hit the white imp.
The white imp is severely wounded.
The white imp hits you but does no damage. x2
You closely miss the white imp.
The white imp is severely wounded.
The white imp gestures at you. The puff of frost misses you.
The white imp hits you. The white imp freezes you.
You block the iron imp's attack.
You closely miss the white imp.
The white imp is severely wounded.
The white imp gestures at you. The puff of frost hits you!
* * * LOW HITPOINT WARNING * * *
The white imp hits you but does no damage.
The white imp hits you.
* * * LOW HITPOINT WARNING * * *
The white imp freezes you.
* * * LOW HITPOINT WARNING * * *
The white imp barely misses you. The iron imp hits you.
* * * LOW HITPOINT WARNING * * *
As you read the scroll labelled DAKY EWEIDA, it crumbles to dust.
You feel aware of your surroundings.
It was a scroll of magic mapping.
You block the white imp's attack. The white imp gestures at you.
The puff of frost hits you.
You die...

######)........# *
...............# ****** *
##.#.###.#..########******,,,,***
....................,,,,,+,,,,+,,
######.#.##..######*******,,,,***
...# #.#.###..# ******** ##.#
#.#.# ##.## *,,,, #.###.#.#
#..######### *,,,, ##.......#
*##..@5h....# *,,,, .........#
#....55.....# ***** .........#
#...........# * .........#
#...........# * .......<.#
########..###* * .........#
*#...,*** ### .........# *###.,,*
#.. ..>......# ***,** #..
..#......# *,,** *,.


You could see an iron imp (summoned), Natasha and 2 white imps.

Vanquished Creatures
  Sigmund (D:2)
  A necrophage (D:4)
  A hound (D:4)
  Crazy Yiuf (D:2)
  An orc priest (D:4)
  Jessica (D:2)
  Natasha (twice) (D:4)
  4 adders
  4 worms
  2 dart slugs
  2 orcs
  3 ball pythons
  3 endoplasms
  A giant cockroach (D:3)
  5 goblins
  3 hobgoblins
  2 jackals (D:3)
  7 quokkas
  3 bats
  3 frilled lizards
  4 kobolds
  2 rats
56 creatures vanquished.

Vanquished Creatures (others)
  6 plants (D:4)
6 creatures vanquished.

Grand Total: 62 creatures vanquished

Notes
Turn   | Place    | Note
-------+----------+-------------------------------------------
     0 | D:1      | greasedhog the Gargoyle Fighter began the quest for the
                  | Orb.
     0 | D:1      | Reached XP level 1. HP: 14/14 MP: 1/1
   101 | D:1      | Reached XP level 2. HP: 7/19 MP: 2/2
   303 | D:1      | Noticed a shining eye
   305 | D:1      | Found a faded altar of an unknown god.
   307 | D:1      | Noticed an eye of devastation
   307 | D:1      | Noticed a great orb of eyes
   307 | D:1      | Noticed a great orb of eyes
   823 | D:2      | Noticed Sigmund
   829 | D:2      | Killed Sigmund
   830 | D:2      | Reached skill level 5 in Fighting
   830 | D:2      | Reached XP level 3. HP: 18/26 MP: 3/3
   830 | D:2      | Reached XP level 4. HP: 22/31 MP: 4/4
   830 | D:2      | Reached XP level 5. HP: 25/35 MP: 5/5
  1094 | D:2      | Noticed Jessica
  1102 | D:2      | Killed Jessica
  1103 | D:2      | Reached XP level 6. HP: 40/40 MP: 6/6
  1186 | D:2      | Found a runed translucent door.
  1187 | D:2      | Noticed Crazy Yiuf
  1399 | D:2      | Gained mutation: You are clumsy. (Dex -2) [potion of
                  | mutation]
  1399 | D:2      | Gained mutation: Your magical capacity is low. (-10% MP)
                  | [potion of mutation]
  1399 | D:2      | Gained mutation: You are somewhat resistant to further
                  | mutation. [potion of mutation]
  1405 | D:2      | Killed Crazy Yiuf
  1699 | D:3      | Found a stormy altar of Qazlal.
  1732 | D:3      | Became a worshipper of Qazlal Stormbringer
  1744 | D:3      | Found an ancient bone altar of Kikubaaqudgha.
  1886 | D:3      | Found an iron altar of Okawaru.
  1941 | D:3      | Found a bloodstained altar of Trog.
  2324 | D:4      | Reached skill level 6 in Fighting
  2329 | D:4      | Reached skill level 5 in Maces & Flails
  2339 | D:4      | Noticed Natasha
  2348 | D:4      | Killed Natasha
  2473 | D:4      | Noticed Natasha
  2477 | D:4      | Killed Natasha
  2478 | D:4      | Reached XP level 7. HP: 35/47 MP: 6/6
  2731 | D:4      | Noticed Natasha
  2747 | D:4      | Killed from afar by a white imp

Illustrated notes

Levels and vault maps discovered:
D:1:      dpeg_arrival_arbitrary_b, layout_basic,
          hellmonk_ecumenical_altar_watching_god
D:2:      layout_rooms, uniq_crazy_yiuf_cottage, uniq_sigmund, uniq_jessica
D:3:      layout_loops_cross, nicolae_overflow_quartered_altars,
          roderic_serpentine_path
D:4:      black_bear_nest_1, layout_basic, minmay_temple_entry_overgrown,
          minmay_box_of_dots, uniq_natasha

Skill      XL: |  1  2  3  4  5  6 |
---------------+-------------------+-----
Fighting       | 5 6 |  6.5
Maces & Flails | 4 5 |  5.4
Armour         | |  3.2
Shields        | |  3.2

Action                   |  1- 3 |  4- 6 |  7- 9 || total
-------------------------+-------+-------+-------++-------
Melee: Flail             |    44 |   138 |    19 ||   201
  Use: Scroll            |     2 |       |     1 ||     3
       Potion            |     1 |     5 |       ||     6
Armor: Scale mail        |    24 |    71 |    23 ||   118
Dodge: Dodged            |    25 |    60 |     7 ||    92
Block: Buckler           |     7 |    20 |     5 ||    32
